 Dungeon Crawl Stone Soup version 0.20.1-1-g8b1a95d (webtiles) character file.

450 MovingMist the Skirmisher (level 7, 0/44 HPs)
             Began as a Gargoyle Fighter on Nov 18, 2017.
             Slain by MovingMist's ghost (5 damage)
             ... on level 4 of the Dungeon.
             The game lasted 00:09:37 (2192 turns).

MovingMist the Skirmisher (Gargoyle Fighter)        Turns: 2192, Time: 00:09:38

Health: 0/44       AC: 16    Str: 20    XL:     7   Next: 4%
Magic:  7/7        EV:  4    Int:  8    God:
Gold:   175        SH:  9    Dex: 11    Spells: 6/6 levels left

rFire    . . .     SeeInvis .   a - +0 flail
rCold    . . .     Gourm    .   c - +0 shield
rNeg     + . .     Faith    .   b - +0 plate armour
rPois    ∞         Spirit   .   (no helmet)
rElec    +         Reflect  .   (no cloak)
rCorr    .         Harm     .   (no gloves)
MR       .....                  (no boots)
Stlth    ..........             (no amulet)
Regen    0.2/turn               (no ring)
MPRegen  0.1/turn               (no ring)

@: no status effects
A: negative energy resistance 1, electricity resistance, unbreathing,
petrification resistance, rot immunity, AC +4
a: no special abilities


You were on level 4 of the Dungeon.
You were very hungry.

You visited 1 branch of the dungeon, and saw 4 of its levels.

You collected 175 gold pieces.

Inventory:

Hand Weapons
 a - a +0 flail (weapon)
 v - the cursed +0 falchion "Watof" {freeze, rF+ Dex+3, unknown}
   (You found it on level 4 of the Dungeon)

   It has been specially enchanted to freeze those struck by it, causing extra
   injury to most foes and up to half again as much damage against particularly
   susceptible opponents.
   It can also slow down cold-blooded creatures.
   It affects your dexterity (+3).
   It protects you from fire.
   It has a curse placed upon it.
Armour
 b - a +0 plate armour (worn)
 c - a +0 shield (worn)
Wands
 t - a wand of flame (20/48)
Scrolls
 e - a scroll of noise {unknown}
 h - a scroll of fear
 i - a scroll of magic mapping {unknown}
 n - 3 scrolls of enchant weapon
 o - 2 scrolls of amnesia
 p - a scroll of fog {unknown}
 q - a scroll of immolation {unknown}
 s - a scroll of blinking {unknown}
 u - a scroll of enchant armour {unknown}
Potions
 d - 3 potions of might
 j - a potion of experience {unknown}
 k - 2 potions of heal wounds
 l - a potion of haste {unknown}
 r - 2 potions of magic
Comestibles
 f - 3 bread rations
 g - a chunk of flesh
 m - 4 meat rations


   Skills:
 + Level 4.8 Fighting
 + Level 3.8 Maces & Flails
 * Level 4.8 Armour
 + Level 2.2 Dodging
 - Level 4.5 Shields


You had 6 spell levels left.
You didn't know any spells.

Dungeon Overview and Level Annotations

Branches:
Dungeon (4/15)
 Temple: D:4-7

Altars:
Makhleb
Qazlal

Annotations:
D:4 MovingMist's ghost, amateur DsAK


Innate Abilities, Weirdness & Mutations

You are resistant to torment.
Your stone body is resilient. (AC +4)
You are immune to poison.
You resist negative energy. (rN+)
You are resistant to electric shocks. (rElec)
You can survive without breathing.
You are immune to petrification.
You are immune to rotting.


Message History

MovingMist's ghost hits you but does no damage.
You closely miss MovingMist's ghost.
MovingMist's ghost is severely damaged.
MovingMist's ghost completely misses you.
Your plate armour prevents you from hitting MovingMist's ghost.
MovingMist's ghost is severely damaged.
MovingMist's ghost hits you.
* * * LOW HITPOINT WARNING * * *
You block MovingMist's ghost's attack.
Your shield prevents you from hitting MovingMist's ghost.
MovingMist's ghost is severely damaged.
MovingMist's ghost hits you but does no damage.
You hit MovingMist's ghost but do no damage.
MovingMist's ghost is severely damaged.
MovingMist's ghost hits you.
* * * LOW HITPOINT WARNING * * *
Your shield and plate armour prevent you from hitting MovingMist's ghost.
MovingMist's ghost is severely damaged.
MovingMist's ghost hits you.
You die...

##.. #_. #.. .. ..+## ....
.. #...# ..... .# #...#
..... .# #.######..... .#
#####.W.......... .###
#....@#........# ...#
#.####.....#........# ...#
#..........#......#.# ...#
#######.....#......# .###
#...........#......#
.#####.###.#.....#......#.
..................÷.......#
......<..#..............#...
.....#.#.#.#............#.#.


You could see MovingMist's ghost.

Vanquished Creatures
  Grinder (D:3)
  A howler monkey (D:4)
  2 orc priests (D:4)
  2 worker ants (D:4)
  5 adders
  An adder skeleton (D:4)
  A worm (D:2)
  A dart slug (D:1)
  2 leopard geckos
  3 orcs
  10 bats
  A giant cockroach (D:3)
  10 goblins
  4 hobgoblins
  5 jackals
  A ball python (D:2)
  3 frilled lizards
  2 kobolds
  8 rats
63 creatures vanquished.

Vanquished Creatures (others)
  A bat (D:1)
1 creature vanquished.

Grand Total: 64 creatures vanquished

Notes
Turn   | Place    | Note
-------+----------+-------------------------------------------
     0 | D:1      | MovingMist the Gargoyle Fighter began the quest for the Orb.
     0 | D:1      | Reached XP level 1. HP: 14/14 MP: 1/1
    83 | D:1      | Reached XP level 2. HP: 18/19 MP: 2/2
   520 | D:1      | Reached XP level 3. HP: 22/23 MP: 3/3
   828 | D:2      | Reached XP level 4. HP: 22/29 MP: 4/4
  1162 | D:3      | Noticed Grinder
  1163 | D:3      | Paralysed by Grinder for 3 turns
  1173 | D:3      | Paralysed by Grinder for 3 turns
  1185 | D:3      | Paralysed by Grinder for 3 turns
  1193 | D:3      | Paralysed by Grinder for 3 turns
  1197 | D:3      | Paralysed by Grinder for 4 turns
  1202 | D:3      | HP: 1/29 [Grinder (2)]
  1203 | D:3      | Paralysed by Grinder for 3 turns
  1209 | D:3      | Killed Grinder
  1209 | D:3      | Reached skill level 1 in Dodging
  1209 | D:3      | Reached XP level 5. HP: 22/34 MP: 5/5
  1209 | D:3      | Reached XP level 6. HP: 26/39 MP: 6/6
  1245 | D:3      | Found a stormy altar of Qazlal.
  2069 | D:4      | Got a jewelled falchion
  2102 | D:4      | Reached XP level 7. HP: 39/44 MP: 7/7
  2104 | D:4      | Noticed MovingMist's ghost (amateur DsAK)
  2111 | D:4      | Found a burning altar of Makhleb.
  2192 | D:4      | Slain by MovingMist's ghost

Skill      XL: |  1  2  3  4  5  6 |
---------------+-------------------+-----
Fighting       | 4 |  4.8
Maces & Flails | 3 |  3.8
Armour         | 4 |  4.8
Dodging        | 1 2 |  2.2
Shields        | 4 |  4.5

Action                   |  1- 3 |  4- 6 |  7- 9 || total
-------------------------+-------+-------+-------++-------
Melee: Flail             |   133 |   147 |    81 ||   361
  Use: Potion            |       |     1 |       ||     1
       Scroll            |       |     5 |       ||     5
  Eat: Chunk             |       |     4 |       ||     4
Armor: Scale mail        |   104 |       |       ||   104
       Plate armour      |       |    99 |    60 ||   159
       Chain mail        |       |    10 |       ||    10
Dodge: Dodged            |    69 |    24 |    12 ||   105
Block: Shield            |   119 |    85 |    35 ||   239
